[Event "*** SCC Grand Prix: Titled Tuesday Blitz"]
[Site "Chess.com"]
[Date "2020.07.21"]
[Round "4"]
[White "Munguntuul_B"]
[Black "Onischuk_V"]
[Result "1/2-1/2"]
[WhiteElo "2632"]
[BlackElo "2877"]
[TimeControl "180+1"]
[EndTime "10:38:49 PDT"]
[Termination "Game drawn by repetition"]

1. e4 e5 2. Nf3 Nc6 3. Bb5 Nf6 4.
Qe2 Bd6 5. c3 O-O 6. O-O Re8 7.
Rd1 Ne7 8. d4 Ng6 9. d5 a6 10. Ba4 b5 11. Bc2 Bb7 12. Nbd2 c6 13.
dxc6 dxc6 14. Nf1 Qc7 15. Ng3 h6 16. Nf5 Bf8 17. N3h4 Rad8 18. Qf3 Rxd1+ 19. Bxd1 Nxh4 20. Nxh4 Bc8 21. h3 Nh7 22. Bb3 Ng5 23. Bxg5 hxg5 24. Ng6 Be6 25. Nxf8 Kxf8 26. Qh5 f6 27. Bxe6 Rxe6 28.
Rd1 Rd6 29. Qg4 Ke7 30. h4 Rxd1+ 31. Qxd1 gxh4 32. Qh5 g5 33. Qh7+ Kd6 34. Qh8 Qe7 35.
Qa8 Ke6 36. Qxa6 Qd7 37. Qa8 Kf7 38. Qh8 Qd1+ 39. Kh2 Qg4 40. f3 Qg3+ 41. Kh1 Qe1+ 42. Kh2 Qd2 43. Qh7+ Ke8 44. Qg8+ Ke7 45. Qg7+ Ke6 46.
Qg8+ Ke7 47. Qg7+ Ke6 48. Qg8+ Ke7 1/2-1/2

[Event "*** SCC Grand Prix: Titled Tuesday Blitz"]
[Site "Chess.com"]
[Date "2020.07.21"]
[Round "4"]
[White "Zenzo"]
[Black "eljanov"]
[Result "1-0"]
[WhiteElo "2554"]
[BlackElo "2843"]
[TimeControl "180+1"]
[EndTime "10:38:49 PDT"]
[Termination "Zenzo won on time"]

1. e4 c6 2. d4 d5 3. Nc3 dxe4 4. Nxe4 Bf5 5. Ng3 Bg6 6. Bc4 Nf6 7. N1e2 Nbd7 8. h4 h6 9. Nf4 Bh7 10. Bb3 e6 11. Qe2 Bd6 12. Bd2 Qc7 13. Ngh5 O-O-O 14. Nxe6 fxe6 15. Nxg7 Bg8 16. Bxe6 Nd5 17. O-O-O Nf4 18. Bxf4 Bxf4+ 19. Kb1 Bd6 20. Qg4 Kb8 21. Rhe1 Nf6 22.
Qg6 Nd5 23. Ne8 Qh7 24. Qh5 Bxe6 25. Rxe6 Nf4 26. Rxd6 Rdxe8 27. Qf3 Qe7 28. Qxf4 Ka8 29. Rf6 Rhg8 30. g3 Qe2 31. Qc1 Rgf8 32. Rxf8 Rxf8 33. Rf1 h5 34. b3 a5 35. Qe1 Qf3 36. Qd1 Qd5 37.
f4 a4 38. Re1 1-0

[Event "*** SCC Grand Prix: Titled Tuesday Blitz"]
[Site "Chess.com"]
[Date "2020.07.21"]
[Round "4"]
[White "hermionegrangermagic"]
[Black "WIDBIFS"]
[Result "1-0"]
[WhiteElo "2487"]
[BlackElo "2641"]
[TimeControl "180+1"]
[EndTime "10:38:49 PDT"]
[Termination "hermionegrangermagic won on time"]

1. e4 g6 2. d4 Bg7 3. Nc3 c6 4. f4 d5 5. e5 Nh6 6. Nf3 O-O 7.
h3 f6 8. g4 c5 9. dxc5 e6 10.
exf6 Bxf6 11. Be3 Nc6 12. Ne2 Bxb2 13. Rb1 Bg7 14. Ned4 e5 15. Nxc6 bxc6 16. fxe5 Nf7 17. Bd4 Ng5 18. Nxg5 Qxg5 19. Qd2 Qe7 20. Qe2 Rf4 21.
Be3 Ra4 22. Bg2 Ba6 23. Qd2 Qxe5 24. Kf2 Rf8+ 25. Kg1 Rxa2 26. h4 Ra1 27. Rxa1 Qxa1+ 28. Kh2 Qe5+ 29. Kg1 Bc8 30. h5 Bxg4 31. hxg6 hxg6 32. Rh4 Qe6 33. c3 Bf3 34. Bd4 Bxg2 35. Bxg7 Rf5 36.
Rh8+ Kxg7 37. Qh6+ Kf6 38. Rf8+ Ke5 39. Qe3+ Be4 40. Qg3+ 1-0

[Event "*** SCC Grand Prix: Titled Tuesday Blitz"]
[Site "Chess.com"]
[Date "2020.07.21"]
[Round "4"]
[White "Smile2005"]
[Black "Matols"]
[Result "0-1"]
[WhiteElo "2394"]
[BlackElo "2209"]
[TimeControl "180+1"]
[EndTime "10:38:49 PDT"]
[Termination "Matols won on time"]

1. Nf3 Nf6 2. g3 e6 3. Bg2 d5 4. O-O c5 5. d3 Nc6 6. Nbd2 g6 7. e4 Bg7 8. exd5 Nxd5 9. Nb3 b6 10. Nfd2 O-O 11.
c4 Nde7 12. Ne4 Bb7 13. Bg5 f6 14. Be3 Qd7 15. Nexc5 bxc5 16. Nxc5 Qc8 17. b4 Rd8 18. Nxb7 Qxb7 19. b5 Rac8 20. Qb3 Qc7 21. bxc6 Nxc6 22. c5 Kf7 23. Rab1 Nd4 24. Bxd4 Rxd4 25. Qa3 Qxc5 26. Rb7+ Kg8 27. Qa6 Rd6 28. Qa4 Rxd3 29. Rxa7 f5 30. Rb1 Rd2 31. Rf1 Bd4 32. Ra8 Bxf2+ 33. Kh1 Be3 34. Rxc8+ Qxc8 35. Qb3 Bd4 36. g4 Kg7 37. gxf5 exf5 38. a4 Qc7 0-1

[Event "*** SCC Grand Prix: Titled Tuesday Blitz"]
[Site "Chess.com"]
[Date "2020.07.21"]
[Round "4"]
[White "tufferguy"]
[Black "Vandros57"]
[Result "1-0"]
[WhiteElo "2305"]
[BlackElo "2101"]
[TimeControl "180+1"]
[EndTime "10:38:49 PDT"]
[Termination "tufferguy won by checkmate"]

1. e4 c5 2. Nf3 Nc6 3. d3 e6 4. g3 d5 5. Qe2 Nf6 6. Bg2 Be7 7. O-O O-O 8. e5 Nd7 9. c4 f6 10. exf6 Nxf6 11. Nc3 a6 12. Bg5 Nd4 13. Qd1 Nxf3+ 14. Bxf3 d4 15. Bxf6 Bxf6 16. Ne4 Qc7 17. Bg4 e5 18.
Bxc8 Raxc8 19. Qg4 Rce8 20. f4 h6 21. fxe5 Bxe5 22. Qg6 Rxf1+ 23. Rxf1 Rf8 24. Qe6+ Rf7 25. Rxf7 Qxf7 26. Qxe5 Qf3 27. Qd5+ Kh8 28. Nxc5 Qd1+ 29. Kf2 Qd2+ 30. Kf3 Qe3+ 31. Kg4 g6 32. Qd8+ Kg7 33. Qd7+ Kh8 34. Qc8+ Kg7 35. Qxb7+ Kh8 36. Qc8+ Kg7 37. Qe6 h5+ 38. Kh3 Qf3 39. Qe5+ Kh6 40. Qh8+ Kg5 41. Ne4+ Kf5 42. Qf6# 1-0

[Event "*** SCC Grand Prix: Titled Tuesday Blitz"]
[Site "Chess.com"]
[Date "2020.07.21"]
[Round "4"]
[White "Witik"]
[Black "MacDaddyMac"]
[Result "1-0"]
[WhiteElo "2604"]
[BlackElo "2384"]
[TimeControl "180+1"]
[EndTime "10:38:50 PDT"]
[Termination "Witik won by checkmate"]

1. d4 Nf6 2. Bf4 e6 3. e3 c5 4. c3 Nc6 5. Nd2 d5 6. Bd3 b6 7. Rc1 Bb7 8. Ngf3 h6 9. Ne5 Nxe5 10. dxe5 Nd7 11. Qh5 c4 12. Bb1 Nc5 13. Nf3 Nd3+ 14. Bxd3 cxd3 15. Nd4 Ba6 16. Nxe6 Qd7 17. Nd4 g6 18. Qd1 Bc5 19. O-O Bxd4 20. exd4 Qf5 21. Bd2 Qd7 22. Qf3 Rc8 23. e6 fxe6 24. Qf6 Rg8 25.
Rfe1 Rc6 26. Bxh6 Qf7 27. Qe5 Kd7 28. Rcd1 Qf5 29. h4 Qxe5 30. Rxe5 Bc4 31. a3 a5 32. f3 a4 33. Kf2 Ke8 34. Ke3 Kf7 35. Kd2 Bb3 36.
Rh1 Bc2 37. Rh3 Rcc8 38. Rg3 Rh8 39. Bg5 Rcg8 40. Rg4 Rh5 41. Rf4+ Kg7 42. Rxe6 Kh7 43. Rf7+ Rg7 44. Rf8 Rd7 45. Bf6 g5 46. Be5 Rxh4 47. Rh8# 1-0

[Event "*** SCC Grand Prix: Titled Tuesday Blitz"]
[Site "Chess.com"]
[Date "2020.07.21"]
[Round "4"]
[White "Shushik"]
[Black "PattyCastillo"]
[Result "1-0"]
[WhiteElo "2199"]
[BlackElo "1949"]
[TimeControl "180+1"]
[EndTime "10:38:50 PDT"]
[Termination "Shushik won on time"]

1. e4 c5 2. Ne2 d5 3. g3 dxe4 4. Bg2 Nf6 5. Nbc3 Bf5 6. O-O e6 7. h3 h5 8. Re1 Nc6 9. Kh2 Bd6 10. Ng1 Ng4+ 11. hxg4 hxg4+ 12. Bh3 gxh3 13. Nxe4 Qc7 14. c3 O-O-O 15. Nxd6+ Qxd6 16. a3 Ne5 17. Rxe5 Qxe5 18. b4 c4 19. Qf1 Bd3 20. Qd1 g5 21. a4 f5 22. a5 f4 23. a6 fxg3+ 24. fxg3 Rdf8 25. axb7+ Kb8 26. Nf3 Qd5 27. Qg1 Qxb7 28.
b5 Rxf3 29. b6 a6 30. Ba3 g4 31. Bd6+ Kc8 32. Qc5+ Kd8 33. Bc7+ Ke8 34. Qg1 Rhf8 35.
Bf4 Rf2+ 36. Qxf2 e5 37. Re1 Kd7 38. Rxe5 1-0

[Event "*** SCC Grand Prix: Titled Tuesday Blitz"]
[Site "Chess.com"]
[Date "2020.07.21"]
[Round "4"]
[White "Duhless"]
[Black "Kobalia"]
[Result "1-0"]
[WhiteElo "2965"]
[BlackElo "2754"]
[TimeControl "180+1"]
[EndTime "10:38:52 PDT"]
[Termination "Duhless won on time"]

1. c4 c6 2. Nf3 d5 3. d4 Nf6 4.
Nc3 a6 5. c5 g6 6. g3 Bg7 7. Bg2 O-O 8. O-O Bf5 9. Qb3 Qc8 10. Bf4 Ne4 11. Rfe1 Nd7 12. Rac1 Re8 13. Qa3 e5 14. Nxe5 Nxe5 15. Bxe5 Bxe5 16. dxe5 Rxe5 17. Qb4 Qc7 18. Qd4 Rae8 19. Bxe4 Bxe4 20. h4 g5 21. hxg5 Rxg5 22. Qe3 Rh5 23. Nxe4 Rxe4 24. Qf3 Qe5 25. Kg2 Rf5 26. Qb3 Rxe2 27. Rxe2 Qxe2 28. Rf1 d4 29. Kg1 d3 30. Qxb7 Qe4 31. f3 Rxf3 32. Rxf3 Qxf3 33. Qb8+ Kg7 34. Qe5+ Kg6 35. b4 Qd1+ 36.
Kf2 Qd2+ 37. Kf3 Qg5 38. Qe4+ 1-0

[Event "*** SCC Grand Prix: Titled Tuesday Blitz"]
[Site "Chess.com"]
[Date "2020.07.21"]
[Round "4"]
[White "BlackBoarder"]
[Black "Jaka_Brilej"]
[Result "1-0"]
[WhiteElo "2576"]
[BlackElo "2354"]
[TimeControl "180+1"]
[EndTime "10:38:52 PDT"]
[Termination "BlackBoarder won by checkmate"]

1. e4 c5 2. Nf3 Nc6 3. Bb5 Nf6 4. Bxc6 dxc6 5. d3 g6 6. O-O Bg7 7. h3 O-O 8. Be3 b6 9. a4 a5 10. Nbd2 Re8 11. Nc4 Ba6 12. b3 Bxc4 13. bxc4 e5 14. Rb1 Nd7 15. Qe2 Qe7 16. Rb3 h6 17. Nh2 Kh7 18. Kh1 Rf8 19. Bd2 Rae8 20. Bc3 Qg5 21.
Ng4 f5 22. exf5 gxf5 23. Nh2 Rg8 24. Nf3 Qg6 25. g3 e4 26. Nh4 Qg5 27. dxe4 Rxe4 28. Qf3 Bxc3 29. Rxc3 Ne5 30. Qxf5+ Qxf5 31. Nxf5 Rxc4 32.
Re3 Ng6 33. Rd1 Rf8 34. Rd7+ Kh8 35. g4 Rxc2 36. Re6 Rg8 37. Nxh6 Rc1+ 38. Kh2 Rf8 39.
Rxg6 Rxf2+ 40. Kg3 Re2 41. Rg8# 1-0

[Event "*** SCC Grand Prix: Titled Tuesday Blitz"]
[Site "Chess.com"]
[Date "2020.07.21"]
[Round "4"]
[White "vova-79"]
[Black "reutik"]
[Result "1-0"]
[WhiteElo "2495"]
[BlackElo "2318"]
[TimeControl "180+1"]
[EndTime "10:38:52 PDT"]
[Termination "vova-79 won on time"]

1. d4 d5 2. c4 c6 3. Nc3 Nf6 4. e3 e6 5. Nf3 Nbd7 6. Qc2 Bd6 7. b3 Qe7 8. Bb2 O-O 9. Be2 Re8 10. O-O dxc4 11.
bxc4 e5 12. Rad1 exd4 13. exd4 Nf8 14. Rfe1 Bg4 15. Ne5 Bxe2 16. Nxe2 Bxe5 17. dxe5 N6d7 18. f4 Rad8 19. Ng3 Nb6 20. Ne4 Rxd1 21. Rxd1 Rd8 22. Nd6 Nc8 23. c5 Nxd6 24. cxd6 Qe6 25. Ba1 f5 26.
exf6 Rxd6 27. fxg7 Rxd1+ 28. Qxd1 Nd7 29. h3 b6 30. Kh2 Nf6 31. Qd8+ Kxg7 32. Qc7+ Kg6 33. Qxa7 c5 34. Qc7 h5 35. Be5 Kf5 36. a4 Nd7 37. Qd8 Nxe5 38. Qg5+ Ke4 39. fxe5 Qxe5+ 40. Qxe5+ Kxe5 41. Kg3 c4 42. Kf3 1-0

[Event "*** SCC Grand Prix: Titled Tuesday Blitz"]
[Site "Chess.com"]
[Date "2020.07.21"]
[Round "4"]
[White "Rodalquilar"]
[Black "PotapovaM"]
[Result "1-0"]
[WhiteElo "2639"]
[BlackElo "2465"]
[TimeControl "180+1"]
[EndTime "10:38:53 PDT"]
[Termination "Rodalquilar won by checkmate"]

1. d4 Nf6 2. Bf4 g6 3. e3 Bg7 4. Nf3 O-O 5. Be2 d6 6. O-O Nbd7 7. h3 b6 8. Bh2 Bb7 9. a4 a5 10. Nbd2 Qe8 11. Nc4 Ne4 12. Nfd2 Nxd2 13. Nxd2 e5 14.
c3 Qe7 15. Bf3 e4 16. Be2 f5 17. Qb3+ Kh8 18. Bc4 Bh6 19. Bd5 c6 20. Be6 d5 21.
Bxd7 Qxd7 22. Qxb6 f4 23. Bxf4 Bxf4 24. exf4 Rxf4 25.
Nb3 Ra6 26. Qc5 Bc8 27. Rae1 Ra8 28. f3 Ba6 29. Rf2 exf3 30. Re7 Qf5 31. Qxc6 Rf8 32. Qc7 Qh5 33. Rxf3 Rxf3 34. gxf3 Qg5+ 35. Kh2 Qh5 36.
Nc5 Bc4 37. Ne6 Rg8 38. Nf4 Qh4 39. Qe5+ Rg7 40. Qxg7# 1-0

[Event "*** SCC Grand Prix: Titled Tuesday Blitz"]
[Site "Chess.com"]
[Date "2020.07.21"]
[Round "4"]
[White "Alopekos"]
[Black "vovachesss"]
[Result "1-0"]
[WhiteElo "2358"]
[BlackElo "2589"]
[TimeControl "180+1"]
[EndTime "10:38:53 PDT"]
[Termination "Alopekos won by checkmate"]

1. e4 c6 2. d4 d5 3. Nd2 dxe4 4. Nxe4 Nf6 5. Nxf6+ exf6 6. Bc4 Bd6 7. Qe2+ Kf8 8. Nf3 h5 9. O-O h4 10. h3 g6 11. Re1 Kg7 12. Bb3 a5 13. c4 Nd7 14.
c5 Bf8 15. Qc4 Ne5 16. dxe5 Be6 17. Qc3 f5 18. Bg5 Be7 19. Rad1 Qf8 20. Bxe6 fxe6 21. Rd7 Re8 22. Bf6+ Kh7 23. Ng5+ Kh6 24. Nxe6 Qg8 25. Qe3+ g5 26. Rxe7 Rxe7 27. Bxg5+ Kh7 28. Bxe7 Qxe6 29. Bf6 Rg8 30. Qf3 Qe8 31. Qxf5+ Qg6 32. Qxg6+ Kxg6 33. Bxh4 Kf5 34. e6 Re8 35. e7 Kg6 36. g4 Kf7 37.
f4 Rh8 38. Bg3 Ke8 39. f5 Rh7 40. f6 a4 41. g5 Rh5 42. h4 Rh7 43. g6 Rh6 44.
f7+ Kd7 45. e8=Q# 1-0

[Event "*** SCC Grand Prix: Titled Tuesday Blitz"]
[Site "Chess.com"]
[Date "2020.07.21"]
[Round "4"]
[White "awesomevishesh"]
[Black "Shuvalov"]
[Result "1-0"]
[WhiteElo "2340"]
[BlackElo "2504"]
[TimeControl "180+1"]
[EndTime "10:38:53 PDT"]
[Termination "awesomevishesh won by resignation"]

1. e4 e6 2. d4 d5 3. Nc3 Bb4 4. exd5 exd5 5. Bd3 Nc6 6. Nf3 Bg4 7. Be3 Nge7 8. h3 Bh5 9. O-O Bg6 10. Ne2 Bd6 11.
Nf4 O-O 12. c3 Re8 13. Nxg6 Nxg6 14. Qd2 Nce7 15. h4 h6 16. h5 Nf8 17. Rae1 Nd7 18. Bxh6 gxh6 19. Qxh6 Nf8 20. Ng5 Neg6 21. hxg6 fxg6 22.
Bxg6 Re7 23. Rxe7 Qxe7 24. Bf7+ Qxf7 25. Nxf7 Kxf7 26. Qh5+ Ke7 27. Re1+ Kd7 28. Qxd5 Re8 29. Qf7+ Re7 30. Rxe7+ Bxe7 31. g4 Ne6 32. d5 Ng5 33. Qf5+ Kd6 34. Kg2 c6 35. dxc6 bxc6 36. f4 Ne6 37.
Qe5+ Kd7 38. f5 Nc5 39. f6 Bd6 40. Qf5+ Ne6 41. g5 Bf8 42. g6 Kd6 43. g7 Bxg7 44. fxg7 Nxg7 45. Qf8+ Kd7 46. Qxg7+ 1-0

[Event "*** SCC Grand Prix: Titled Tuesday Blitz"]
[Site "Chess.com"]
[Date "2020.07.21"]
[Round "4"]
[White "vinniethepooh"]
[Black "profofchess"]
[Result "1-0"]
[WhiteElo "2678"]
[BlackElo "2350"]
[TimeControl "180+1"]
[EndTime "10:38:54 PDT"]
[Termination "vinniethepooh won on time"]

1. d4 Nf6 2. c4 e6 3. Nc3 Bb4 4. f3 Nc6 5. a3 Bxc3+ 6. bxc3 e5 7. e4 d6 8. Be3 O-O 9. Bd3 Nh5 10.
Ne2 Qh4+ 11. Bf2 Qg5 12. g3 f5 13.
Qc2 fxe4 14. Bxe4 Nf6 15. h4 Qh6 16. g4 Nxe4 17. Qxe4 Qg6 18. Qxg6 hxg6 19. Rh3 Na5 20. c5 Be6 21. Rb1 b6 22. Be3 Nc4 23. Bc1 bxc5 24.
dxc5 Rab8 25. Rxb8 Rxb8 26. cxd6 cxd6 27. Kd1 Rb1 28. Kc2 Ra1 29. Ng3 Nxa3+ 30. Bxa3 Rxa3 31. Ne4 Ra6 32. Rh1 Bd5 33. Ng5 Kf8 34. Rb1 Rb6 35. Ra1 a6 36. Ra5 Bc4 37. Ra1 Ke7 38. Re1 Kd7 39.
Re4 Bd5 40. Re3 a5 41. c4 Bxc4 42. Ra3 1-0

[Event "*** SCC Grand Prix: Titled Tuesday Blitz"]
[Site "Chess.com"]
[Date "2020.07.21"]
[Round "4"]
[White "RaphCamora"]
[Black "kingmonkey2006"]
[Result "0-1"]
[WhiteElo "2453"]
[BlackElo "2622"]
[TimeControl "180+1"]
[EndTime "10:38:55 PDT"]
[Termination "kingmonkey2006 won on time"]

1. Nf3 Nf6 2. g3 e6 3. Bg2 d5 4. O-O Be7 5. b3 O-O 6. Bb2 c5 7. c4 Nc6 8. e3 b6 9. Qe2 Ba6 10. Nc3 Rc8 11. d3 Bb7 12. Rfd1 d4 13. exd4 cxd4 14. Nb5 Bc5 15. b4 Nxb4 16. Nbxd4 Nc6 17. Nb3 Be7 18. d4 Ba6 19. Rac1 Rc7 20. a3 Qc8 21. Qe3 Nb8 22. Ne5 Nbd7 23. Nxd7 Qxd7 24. Nd2 b5 25. c5 Nd5 26. Qb3 Bb7 27. Nf3 f6 28. Re1 Re8 29. Re2 Bf8 30. Rce1 Bc6 31. Bh3 Kf7 32. Rxe6 Rxe6 33. Bxe6+ Qxe6 34. Rxe6 Kxe6 35. Bc1 Kf7 36. Bf4 Rd7 37. Bd6 Be7 38. Bxe7 Kxe7 39. Qd3 g6 40. Qe4+ Kf7 41. Qg4 h5 42. Qh3 Nc3 43.
d5 Rxd5 44. Qc8 Rxc5 45. Qc7+ Ke6 46. Qxa7 Ne2+ 47. Kf1 Rc2 0-1

[Event "*** SCC Grand Prix: Titled Tuesday Blitz"]
[Site "Chess.com"]
[Date "2020.07.21"]
[Round "4"]
[White "FloMaster111"]
[Black "OhanyanEminChess"]
[Result "1-0"]
[WhiteElo "2273"]
[BlackElo "2444"]
[TimeControl "180+1"]
[EndTime "10:38:55 PDT"]
[Termination "FloMaster111 won by resignation"]

1. d4 Nf6 2. Nf3 c5 3. e3 d5 4. dxc5 Nc6 5. Be2 e5 6. b4 e4 7.
Nd4 Nxb4 8. Nb3 Nc6 9. Nc3 Be7 10. O-O Be6 11. a4 O-O 12. Ba3 Rc8 13. Nb5 a6 14. Nd6 Rc7 15. c4 dxc4 16. Bxc4 Bxc4 17. Nxc4 Rd7 18.
Qe2 Nd5 19. Bb2 Bf6 20. Rfd1 Qe7 21. Rac1 Rfd8 22. Nd6 Bxb2 23. Qxb2 Ndb4 24. Rb1 Nd3 25. Qc2 Nxc5 26. Nxc5 Rxd6 27. Rxd6 Rxd6 28. Nxb7 Rg6 29.
Na5 h5 30. Nxc6 Qg5 31. g3 h4 32. Qxe4 hxg3 33. hxg3 f5 34. Rb8+ Kh7 35. Qd5 Qh5 36. Qg8+ Kh6 37. Qh8+ Kg5 38. Qxh5+ Kxh5 39. Rh8+ Kg5 40.
Ne5 Rb6 41. f4+ Kf6 42. Nd7+ 1-0

[Event "*** SCC Grand Prix: Titled Tuesday Blitz"]
[Site "Chess.com"]
[Date "2020.07.21"]
[Round "4"]
[White "RobertoJBM"]
[Black "mishanick"]
[Result "0-1"]
[WhiteElo "2647"]
[BlackElo "2905"]
[TimeControl "180+1"]
[EndTime "10:38:56 PDT"]
[Termination "mishanick won on time"]

1. d4 Nf6 2. c4 e6 3. Nc3 Bb4 4. Qc2 O-O 5. a3 Bxc3+ 6. Qxc3 d5 7. Bg5 dxc4 8. Qxc4 b6 9. Nf3 Ba6 10. Qa4 c5 11.
dxc5 bxc5 12. Rc1 Qb6 13. Bxf6 gxf6 14. Rc2 Rd8 15. e3 Bxf1 16. Rxf1 Nd7 17. Ke2 f5 18. Rfc1 Rac8 19. b4 Rc7 20. Nd2 Rdc8 21. Nc4 Qb8 22. Nd6 Rd8 23. Qb5 Qa8 24. f3 Qd5 25. Rd1 Qb3 26.
Qd3 Qa4 27. Rdc1 Ne5 28. Qc3 Qa6+ 29. Nc4 Nd3 30. Rd1 cxb4 31. axb4 Rcd7 32. Rcd2 Ne5 33. Rxd7 Rxd7 34. Rxd7 Nxd7 35. Qd3 Qb5 36. Nd2 Qb7 37.
Qd4 Nb6 38. e4 fxe4 39. Nxe4 Nd5 40. Nf6+ Nxf6 41. Qxf6 Qb5+ 42. Kf2 a6 43. Qd8+ Kg7 44. Qd4+ f6 45. Qg4+ Kf7 46. Qd4 h5 47. Qe4 Ke7 48. Qh7+ Kd6 49. Qf7 Qb6+ 50. Kg3 Qd4 51. Qxh5 Qxb4 52.
Qe8 Ke5 53. h4 a5 0-1

[Event "*** SCC Grand Prix: Titled Tuesday Blitz"]
[Site "Chess.com"]
[Date "2020.07.21"]
[Round "4"]
[White "dpopadic"]
[Black "Th3_Hound"]
[Result "1/2-1/2"]
[WhiteElo "2385"]
[BlackElo "2593"]
[TimeControl "180+1"]
[EndTime "10:38:56 PDT"]
[Termination "Game drawn by repetition"]

1. e4 e5 2. Nf3 Nc6 3. Bb5 a6 4. Ba4 Nf6 5. O-O Be7 6. Re1 b5 7. Bb3 d6 8. c3 O-O 9. d3 Na5 10.
Bc2 c5 11. h3 Re8 12. Nbd2 Bf8 13. Nf1 g6 14. Ng3 Bg7 15. Be3 Nc6 16. Qc1 Bb7 17.
Bh6 Bh8 18. Bb3 Na5 19. Bc2 c4 20. d4 exd4 21. cxd4 Nc6 22. Qd2 Rc8 23. Rad1 Qa5 24. Qf4 Nb4 25. Bb1 d5 26. a3 Nd3 27. Bxd3 cxd3 28. e5 Ne4 29. Rxd3 Rc2 30. b4 Qc7 31. Rf1 f6 32. exf6 Bxf6 33. Qxc7 Rxc7 34. Bf4 Rc2 35. Ne5 Rec8 36. Nd7 Bg7 37. Nc5 Nxc5 38.
dxc5 d4 39. f3 Bd5 40. Rfd1 Bc4 41. Rxd4 Bxd4+ 42. Rxd4 Re8 43. Ne4 Re6 44. c6 Rxc6 45.
Be5 Rc1+ 46. Kh2 Rc8 47. Rd7 Bf7 48. Nf6+ Kf8 49. Nxh7+ Ke8 50. Nf6+ Kf8 51. Nh7+ Ke8 52. Nf6+ Kf8 53. Nh7+ 1/2-1/2

[Event "*** SCC Grand Prix: Titled Tuesday Blitz"]
[Site "Chess.com"]
[Date "2020.07.21"]
[Round "4"]
[White "Bayernbk"]
[Black "FeketeBarika"]
[Result "1-0"]
[WhiteElo "2504"]
[BlackElo "2181"]
[TimeControl "180+1"]
[EndTime "10:38:56 PDT"]
[Termination "Bayernbk won by resignation"]

1. e4 d5 2. Nc3 d4 3. Nce2 c5 4. d3 Nc6 5. f4 e6 6. Nf3 Bd6 7. g3 Nge7 8. Bg2 Bd7 9. O-O O-O 10. e5 Bc7 11. Ng5 Nd5 12. Bd2 Nce7 13. g4 h6 14. Ne4 b6 15. c4 Ne3 16. Bxe3 dxe3 17. Qc1 Bc6 18. Qxe3 Qd7 19. Rad1 Rad8 20. d4 cxd4 21. Nxd4 Qe8 22. h4 a6 23. h5 b5 24. Nxc6 Nxc6 25.
c5 Nb4 26. Nd6 Qe7 27. a3 Nd5 28. Bxd5 exd5 29. Rxd5 Qe6 30. Qf3 a5 31. f5 Qe7 32.
Nxb5 Bxe5 33. Re1 f6 34. Nd6 Kh7 35. Kg2 Rb8 36. Nc4 Qc7 37. Nxe5 Rxb2+ 38. Re2 Rxe2+ 39. Qxe2 fxe5 40. Rxe5 Qc6+ 41. Qe4 Qb5 42. f6+ Kg8 43. Qg6 Rxf6 44. Re8+ Rf8 45. Qe6+ Kh7 46. Rxf8 Qb2+ 47. Rf2 Qb7+ 48. c6 1-0

[Event "*** SCC Grand Prix: Titled Tuesday Blitz"]
[Site "Chess.com"]
[Date "2020.07.21"]
[Round "4"]
[White "M1711"]
[Black "nitpicker"]
[Result "1-0"]
[WhiteElo "2421"]
[BlackElo "2230"]
[TimeControl "180+1"]
[EndTime "10:38:56 PDT"]
[Termination "M1711 won on time"]

1. d4 Nf6 2. c4 e6 3. Nf3 b6 4. g3 Ba6 5. Qc2 Bb7 6. Bg2 c5 7. d5 exd5 8. cxd5 Bxd5 9. Nc3 Bc6 10. O-O d5 11. Ne5 Bb7 12. Qa4+ Nbd7 13. Rd1 a6 14. Nxd7 Qxd7 15. Qxd7+ Kxd7 16. Bg5 Be7 17. Bxf6 Bxf6 18. Bxd5 Bxd5 19. Nxd5 Kc6 20. e4 Bd4 21. Rac1 Kb7 22. b4 Rhe8 23. bxc5 Bxc5 24. Rc4 Rad8 25. Rb1 Ka7 26.
Kg2 f5 27. Nc3 fxe4 28. Nxe4 Rd4 29. Rxd4 Bxd4 30. Nd6 Rd8 31. Nf5 Bf6 32. h4 b5 33.
a3 Kb6 34. Ne3 Rd3 35. h5 h6 36. Ng4 Bd4 37. Re1 Rxa3 38. Re6+ Ka5 39. Rg6 Ra2 40. Kf3 b4 41. Ke4 1-0

[Event "*** SCC Grand Prix: Titled Tuesday Blitz"]
[Site "Chess.com"]
[Date "2020.07.21"]
[Round "4"]
[White "arminmusovic"]
[Black "ajdemipopushi"]
[Result "0-1"]
[WhiteElo "2527"]
[BlackElo "2344"]
[TimeControl "180+1"]
[EndTime "10:38:57 PDT"]
[Termination "ajdemipopushi won on time"]

1. a3 g6 2. Nc3 Bg7 3. e4 c5 4.
Nf3 Nc6 5. Bc4 d6 6. Ba2 e6 7.
O-O Nge7 8. Re1 O-O 9. d3 Rb8 10.
Bg5 h6 11. Bh4 b5 12. Rb1 a5 13. a4 b4 14. Nb5 Ba6 15. c4 Qd7 16. Bg3 Bxb5 17.
cxb5 Nd4 18. Nxd4 Bxd4 19. Kh1 Rbe8 20. Qg4 Kh7 21. f4 f5 22. Qh3 e5 23. Rf1 Qc8 24. fxe5 dxe5 25. Bh4 fxe4 26. Be6 Qb7 27. dxe4 Qxe4 28.
Bg5 h5 29. Rbe1 Ng8 30. Bd7 Rxf1+ 31. Rxf1 Rf8 32. Rc1 Nh6 33. Bxh6 Kxh6 34. Qg3 Rf2 35. h3 h4 36. Bc6 hxg3 37. Bxe4 c4 38. Rd1 Rxb2 39.
Bd5 c3 40. b6 c2 41. Rc1 Rb1 0-1

[Event "*** SCC Grand Prix: Titled Tuesday Blitz"]
[Site "Chess.com"]
[Date "2020.07.21"]
[Round "4"]
[White "2008king"]
[Black "Sjakkerntobi"]
[Result "1/2-1/2"]
[WhiteElo "2255"]
[BlackElo "2414"]
[TimeControl "180+1"]
[EndTime "10:38:58 PDT"]
[Termination "Game drawn by repetition"]

1. e4 e6 2. d4 d5 3. Nc3 Bb4 4.
exd5 exd5 5. Bd3 Nc6 6. a3 Ba5 7. Ne2 Nge7 8. O-O O-O 9. Be3 Bf5 10. Ng3 Bxd3 11. Qxd3 Qd7 12. Nce2 Bb6 13. c3 Rad8 14. a4 a6 15. b4 Rfe8 16. Rad1 Nc8 17. Qf5 Qxf5 18.
Nxf5 Nd6 19. Nxd6 Rxd6 20. Ng3 g6 21. Bf4 Rde6 22. h4 R6e7 23. h5 Nd8 24. h6 Ne6 25.
Be5 c6 26. Bf6 Rd7 27. Rfe1 Bd8 28. Bxd8 Rdxd8 29. Re5 f6 30. Re3 Kf7 31. Rde1 Nc7 32. Nf1 Rxe3 33. Rxe3 Ne8 34. Nh2 Nd6 35. Ng4 Nc4 36. Re2 Rd6 37. f3 Re6 38. Kf2 Rxe2+ 39. Kxe2 Ke6 40. Kd3 Nb2+ 41. Kc2 Nxa4 42. Kb3 Nb6 43.
Ne3 Nc8 44. g4 Nd6 45. Kc2 Nf7 46. Kd3 Nxh6 47. Nc2 Nf7 48. c4 h5 49. cxd5+ cxd5 50. gxh5 gxh5 51. Ne3 Nd6 52. Ng2 Nf5 53. Nf4+ Kd6 54.
Nxh5 Ke6 55. Nf4+ Kd6 56. Nh5 Ke7 57. Nf4 Kd6 58. Nh5 1/2-1/2

[Event "*** SCC Grand Prix: Titled Tuesday Blitz"]
[Site "Chess.com"]
[Date "2020.07.21"]
[Round "4"]
[White "Shivagami"]
[Black "Klavdia_Nik"]
[Result "1-0"]
[WhiteElo "2226"]
[BlackElo "2028"]
[TimeControl "180+1"]
[EndTime "10:38:59 PDT"]
[Termination "Shivagami won on time"]

1. d4 Nf6 2. c4 c5 3. d5 b5 4. Qc2 bxc4 5. e4 d6 6. Bxc4 g6 7. f4 Bg7 8. Nf3 O-O 9. O-O Nfd7 10.
Nc3 Ba6 11. Bxa6 Nxa6 12. a3 Rb8 13. b3 Qa5 14. Bb2 Nc7 15. Rae1 Bxc3 16. Bxc3 Qxa3 17. Nd2 Qa6 18. Ra1 Qb7 19. Qd3 Nb5 20. Bb2 Nd4 21. Ra3 Qb5 22. Nc4 Nxb3 23. Rf3 Nd4 24. Rh3 f6 25. Rc3 Rf7 26. Qe3 Nf8 27. f5 a5 28.
fxg6 hxg6 29. Rc1 Rh7 30. Rg3 Kf7 31. Qf2 Qb3 32. Rxb3 Rxb3 33. e5 dxe5 34. Nxe5+ Kg7 35.
Ng4 Rb4 36. Rxc5 Nf5 37. h3 Nd7 38. Rc7 1-0

[Event "*** SCC Grand Prix: Titled Tuesday Blitz"]
[Site "Chess.com"]
[Date "2020.07.21"]
[Round "4"]
[White "wonderfultime"]
[Black "platy3"]
[Result "1-0"]
[WhiteElo "2982"]
[BlackElo "2759"]
[TimeControl "180+1"]
[EndTime "10:39:00 PDT"]
[Termination "wonderfultime won by checkmate"]

1. d4 Nf6 2. Nf3 e6 3. c4 c5 4. d5 exd5 5. cxd5 d6 6. Nc3 g6 7. Bf4 a6 8. a4 Bg7 9. e3 O-O 10. h3 Qe7 11. Be2 Nbd7 12. O-O Ne8 13. Nd2 Ne5 14. Qb3 f5 15. Bg3 g5 16. f4 Ng6 17. Nc4 gxf4 18. Bxf4 Nxf4 19. Rxf4 Rb8 20.
a5 Bh6 21. Rf3 Bd7 22. Raf1 Kh8 23. Bd3 Ng7 24. Qb6 Rf6 25. e4 f4 26. e5 dxe5 27.
Qc7 Re8 28. Ne4 Rg6 29. Nxc5 Rxg2+ 30. Kh1 Rg3 31. Qxd7 Qxc5 32. Rxg3 fxg3 33. Nd6 Bf4 34. Nxe8 Nxe8 35. Qxe8+ Kg7 36. Qd7+ Kf6 37. Qf5+ Ke7 38. Qxh7+ Kd8 39. Qg8+ Kc7 40. d6+ Qxd6 41. Be4 Qc5 42. Qf7+ Kd8 43. Rd1+ Kc8 44. Qxb7# 1-0